 Dungeon Crawl Stone Soup version 0.19.1 (webtiles) character file.

32 Gargoyl the Skirmisher (level 3, 0/33 HPs)
             Began as a Ghoul Abyssal Knight on Dec 27, 2016.
             Was a Follower of Lugonu.
             Slain by a thrashing horror (1 damage)
             ... on level 1 of the Abyss.
             The game lasted 00:00:49 (122 turns).

Gargoyl the Skirmisher (Ghoul Abyssal Knight)        Turns: 122, Time: 00:00:50

Health: 0/33       AC:  3    Str: 13 (15) XL:     3   Next: 25%
Magic:  3/3        EV: 11    Int:  5 (7)  God:    Lugonu [*.....]
Gold:   37         SH:  0    Dex:  7 (9)  Spells: 0 memorised, 2 levels left

rFire  . . .     SeeInvis .     d - +0 spear (pierce)
rCold  + . .     Gourm    .     b - +0 leather armour
rNeg   + + +     Faith    .     (no shield)
rPois  ∞         Spirit   .     (no helmet)
rElec  .         Reflect  .     (no cloak)
rCorr  .         Harm     .     (no gloves)
MR     .....                    (no boots)
Stlth  +.........               (no amulet)
                                (no ring)
                                (no ring)

@: rotting
A: rotting body, claws 1, carnivore 3, cold resistance 1, negative energy
resistance 3, slow regeneration 1, torment resistance, unbreathing
a: Depart the Abyss, Renounce Religion


You were on level 1 of the Abyss.
You worshipped Lugonu.
Lugonu was aware of your devotion.
You were not hungry.

You visited 0 branches of the dungeon, and saw 0 of its levels.
You visited the Abyss 1 time.

You collected 37 gold pieces.

Inventory:

Hand Weapons
 a - a +1 hand axe
 d - a +0 spear of piercing (weapon)
Armour
 b - a +0 leather armour (worn)
 e - a +0 ring mail
Comestibles
 c - a meat ration


   Skills:
 + Level 4.1 Fighting
 + Level 2.0 Axes
 + Level 2.1 Armour
 + Level 1.0 Dodging
 + Level 2.1 Invocations


You had 2 spell levels left.
You didn't know any spells.

Dungeon Overview and Level Annotations

Branches:
Dungeon (0/15)

Altars:


Innate Abilities, Weirdness & Mutations

Your body is rotting away.
You thrive on raw meat.
You are immune to poison.
You have sharp fingernails.
You are carnivorous and can eat meat at any time.
Your flesh is cold resistant. (rC+)
You are immune to negative energy. (rN+++)
You regenerate slowly when monsters are visible.
You are immune to unholy pain and torment.
You can survive without breathing.


Message History

Unknown command.
The thrashing horror roars!
The raiju barks!
The white imp gestures at you. The puff of frost hits you! You resist.
* * * LOW HITPOINT WARNING * * *
The thrashing horror tramples you.
* * * LOW HITPOINT WARNING * * *
You stumble backwards!
The thrashing horror misses you. x2
The thrashing horror roars!
You hear a roar!
A small abomination comes into view.
The thrashing horror tramples you.
* * * LOW HITPOINT WARNING * * *
You hold your ground!
The thrashing horror tramples you.
* * * LOW HITPOINT WARNING * * *
You stumble backwards!
Unknown command.
A smoke demon comes into view.
The thrashing horror barely misses you. The thrashing horror tramples you.
You die...

.§.§...........
h§................... ..
...................
..... .......3.....
...*.......... ..... .
..## .##. ##..##..# ...
..##..##..##..##..##...#
................x......#
..........*....X@.......
.##..##.$##..##..##....
..##..## .##..##..# #
....................
....................
..##..##..##..##..##...
.. #.. #..##..##..# ...
.. ............ ..


You could see a wretched star, a thrashing horror, a smoke demon and a small
abomination.

Vanquished Creatures
  A crimson imp (Abyss:1)
1 creature vanquished.

Vanquished Creatures (others)
  4 starspawn tentacles (Abyss:1)
4 creatures vanquished.

Grand Total: 5 creatures vanquished

Notes
Turn   | Place    | Note
-------+----------+-------------------------------------------
     0 | Abyss:1  | Gargoyl the Ghoul Abyssal Knight began the quest for the Orb.
     0 | Abyss:1  | Reached XP level 1. HP: 19/19 MP: 1/1
     7 | Abyss:1  | Found a corrupted altar of Lugonu.
    39 | Abyss:1  | Noticed a crimson imp
    60 | Abyss:1  | Killed a crimson imp
    60 | Abyss:1  | Reached skill level 4 in Fighting
    60 | Abyss:1  | Reached skill level 1 in Dodging
    60 | Abyss:1  | Reached XP level 2. HP: 27/27 MP: 2/2
    60 | Abyss:1  | Reached XP level 3. HP: 33/33 MP: 3/3
    73 | Abyss:1  | Noticed a tentacled starspawn
    89 | Abyss:1  | Noticed a wretched star
   114 | Abyss:1  | Noticed a thrashing horror
   114 | Abyss:1  | Noticed a raiju
   121 | Abyss:1  | Noticed a small abomination
   121 | Abyss:1  | HP: 1/33 [thrashing horror (3)]
   122 | Abyss:1  | Noticed a smoke demon
   122 | Abyss:1  | Slain by a thrashing horror

Skill      XL: |  1 |
---------------+----+-----
Fighting       | 4 |  4.1
Axes           | 2 |  2.0
Armour         | 2 |  2.1
Dodging        | 1 |  1.0
Invocations    | |  2.1

Action                   || total
-------------------------++-------
Melee: Spear             ||     9
Dodge: Dodged            ||     8
